AoeStats
← tinuss

Arabia

510728577Analyzed
1v1 RM · 1d ago on Oct 2, 2026· 46m 23s· 2 players
Game mode
Random Map
Map size
Tiny (2 player)
Population
200
Speed
Normal
Resources
Standard
Victory
Conquest
Starting age
Dark Age
Ending age
Imperial Age
RankedLock teamsTeams togetherTeam positionsShared explorationLock speedFull tech treeHidden civsTurbo modeCheats
Victory
Defeat
🇬🇧 Khmer · United Kingdom
915
+15
🇪🇸 Franks · Spain
898
-15
tinuss
10:33 Feudal Age
11:06 Loom
12:01 Double-Bit Axe
22:40 Castle Age
23:14 Scale Mail Armor
23:25 Forging
23:35 Pikeman
26:57 Husbandry
29:53 Fletching
31:36 Stone Mining
32:25 Wheelbarrow
33:55 Scale Barding Armor
35:54 Chain Barding Armor
37:02 Bodkin Arrow
40:13 Gold Mining
43:43 Imperial Age
40:50 Elite Skirmisher
41:49 Padded Archer Armor
42:25 Iron Casting
43:10 Chain Mail Armor
44:02 Leather Archer Armor
44:19 Hand Cart
45:49 Plate Mail Armor
WigBilly
5:15 Loom
8:13 Feudal Age
8:52 Double-Bit Axe
17:57 Castle Age
16:59 Horse Collar
17:49 Fletching
18:01 Gold Mining
18:48 Scale Barding Armor
20:14 Wheelbarrow
20:27 Forging
22:36 Husbandry
25:19 Padded Archer Armor
25:15 Bodkin Arrow
26:03 Bloodlines
26:17 Leather Archer Armor
26:36 Crossbowman
26:46 Crossbowman
28:24 Bow Saw
30:44 Bloodlines
31:52 Chain Barding Armor
31:55 Hand Cart
32:22 Ballistics
34:33 Town Watch
40:19 Imperial Age
38:49 Masonry
40:18 Town Patrol
40:25 Cavalier
42:47 Plate Barding Armor
43:35 Ring Archer Armor
43:02 Arbalester
43:59 Bracer
46:16 Chemistry
Connection lost

Rejoining the realm…

Still unreachable

The connection could not be restored.

Session expired

The server has moved on; the page needs a fresh start.